[Event "Late-Titled-Tuesday-Blitz-April-23-2024"]
[Site "Chess.com"]
[Date "2024.04.23"]
[Round "11"]
[White "Hikaru"]
[Black "Oleksandr_Bortnyk"]
[Result "1-0"]
[WhiteElo "3323"]
[BlackElo "3127"]
[TimeControl "180+1"]
[EndTime "16:06:44 PDT"]
[Termination "Hikaru won by resignation"]

1. e4 Nf6 2. d3 d5 3. e5 Nfd7 4. d4 c5 5. c3 Nc6 6. f4 e6 7.
Nf3 Be7 8. Bd3 f5 9. O-O c4 10. Bc2 b5 11. Kh1 Nb6 12. b3 a5 13. Rg1 Kd7 14. Be3 Kc7 15. Nbd2 a4 16. b4 Bd7 17.
g4 g6 18. a3 Be8 19. Qe2 Kb7 20. Rg3 Ka6 21. Rag1 Ra7 22. Rh3 Na8 23. Bf2 Rb7 24. Bh4 Bxh4 25. Rxh4 h6 26. Nf1 Rbh7 27. Ne3 Nc7 28.
Rh3 Qe7 29. gxf5 gxf5 30. Rhg3 Bh5 31. Qf2 Bxf3+ 32. Qxf3 Kb7 33. Bxf5 exf5 34. Nxf5 Qf8 35. Nd6+ Kb8 36. f5 h5 37. f6 Nd8 38. Qf5 Nde6 39. f7 Rg7 40. Rxg7 Nxg7 41. Qd7 Nge6 42. Qc6 Nd8 43.
Qb6+ 1-0

[Event "Late-Titled-Tuesday-Blitz-April-23-2024"]
[Site "Chess.com"]
[Date "2024.04.23"]
[Round "11"]
[White "VladimirBugayev"]
[Black "lluiss"]
[Result "1-0"]
[WhiteElo "2242"]
[BlackElo "2140"]
[TimeControl "180+1"]
[EndTime "16:06:46 PDT"]
[Termination "VladimirBugayev won on time"]

1. e4 c5 2. Nc3 d6 3. f4 g6 4. Nf3 Bg7 5. Bc4 Nc6 6. O-O e6 7.
d4 cxd4 8. Nb5 a6 9. Nbxd4 Nge7 10. Be3 O-O 11. c3 d5 12. exd5 Nxd5 13. Nxc6 bxc6 14. Bd4 Nxf4 15. Bxg7 Kxg7 16. Ne5 Qg5 17. Ng4 Qc5+ 18. Qd4+ Qxd4+ 19. cxd4 Nd5 20. Ne5 Rb8 21. b3 Rb6 22. Rf3 f6 23. Nd3 a5 24. Nc5 Kf7 25. Re1 Ke7 26.
Rh3 h5 27. Rg3 g5 28. h4 g4 29. Rd3 Bd7 30. g3 Rbb8 31. Rd2 Rbe8 32. Rde2 Kf7 33. Nxd7 1-0

[Event "Late-Titled-Tuesday-Blitz-April-23-2024"]
[Site "Chess.com"]
[Date "2024.04.23"]
[Round "11"]
[White "Sokoloco"]
[Black "Shankland"]
[Result "0-1"]
[WhiteElo "2795"]
[BlackElo "3058"]
[TimeControl "180+1"]
[EndTime "16:06:48 PDT"]
[Termination "Shankland won on time"]

1. b3 e5 2. Bb2 Nc6 3. Nf3 d6 4. e3 g6 5. d4 Bg7 6. dxe5 Nge7 7. Be2 O-O 8. O-O Bg4 9. Nbd2 dxe5 10. c4 f5 11. h3 Bxf3 12. Nxf3 e4 13. Nd4 Nxd4 14.
Bxd4 Nc6 15. Bxg7 Kxg7 16. g3 a5 17. a3 Qf6 18. Qc2 Rfd8 19. Rad1 Ne5 20. Rxd8 Rxd8 21. Rd1 b6 22. Rd2 Rd6 23. Qd1 Nd3 24. Bxd3 Qc3 25. Rc2 Qxd3 26. Qxd3 Rxd3 27. Rb2 Kf6 28. Kf1 Ke7 29.
Ke2 a4 30. bxa4 Rxa3 31. Kd2 Rxa4 32. Kc3 Ra3+ 33. Kb4 Rd3 34. h4 Kd6 35. Ra2 c5+ 36. Kb5 Rb3+ 37. Ka6 Kc6 38. Ka7 Rb4 39. Ra6 h5 0-1

[Event "Late-Titled-Tuesday-Blitz-April-23-2024"]
[Site "Chess.com"]
[Date "2024.04.23"]
[Round "11"]
[White "ritanovikova"]
[Black "DeArron_Fox"]
[Result "0-1"]
[WhiteElo "2189"]
[BlackElo "2455"]
[TimeControl "180+1"]
[EndTime "16:06:49 PDT"]
[Termination "DeArron_Fox won by checkmate"]

1. e4 c5 2. Nc3 e6 3. d3 Nc6 4. g3 Nf6 5. Bg2 d5 6. exd5 exd5 7. Bg5 Be7 8. Nge2 O-O 9. O-O d4 10. Bxf6 Bxf6 11. Ne4 Be7 12. Nf4 Re8 13. Qd2 g6 14.
Rfe1 Kg7 15. f3 Bf5 16. Nf2 h5 17. a3 Qd7 18. b4 cxb4 19. axb4 Bxb4 20. Rxe8 Rxe8 21.
Qd1 Re1+ 22. Qxe1 Bxe1 23. Rxe1 Nb4 24. Re2 a5 25. h4 a4 26. Re1 a3 27. Ra1 a2 28.
Nd1 Qa4 29. Ne2 Nxc2 30. Rc1 a1=Q 31. Rxa1 Qxa1 32. Kh2 Qxd1 33. Ng1 Ne3 34. Bh3 Qd2+ 35. Kh1 Bxh3 36. Nxh3 Qg2# 0-1

[Event "Late-Titled-Tuesday-Blitz-April-23-2024"]
[Site "Chess.com"]
[Date "2024.04.23"]
[Round "11"]
[White "N_I_Chess"]
[Black "Horokoskii"]
[Result "0-1"]
[WhiteElo "2375"]
[BlackElo "2210"]
[TimeControl "180+1"]
[EndTime "16:06:55 PDT"]
[Termination "Horokoskii won on time"]

1. d4 Nf6 2. c4 c5 3. d5 e6 4. Nc3 exd5 5. cxd5 d6 6. e4 g6 7. f4 Bg7 8. Nf3 O-O 9. Be2 Re8 10.
e5 dxe5 11. fxe5 Ng4 12. Bg5 Qa5 13. O-O Nxe5 14. Nxe5 Rxe5 15. Bf6 Bf5 16. Bxg7 Kxg7 17. g4 Bd7 18. Bc4 Be8 19. Qf3 Qb6 20. d6 Qxd6 21. Bxf7 Bc6 22. Bd5 Bxd5 23. Nxd5 Rxd5 24. Qf7+ Kh6 25.
g5+ Rxg5+ 26. Kh1 Qd5+ 0-1

[Event "Late-Titled-Tuesday-Blitz-April-23-2024"]
[Site "Chess.com"]
[Date "2024.04.23"]
[Round "11"]
[White "jcmesafischer"]
[Black "shirovin"]
[Result "0-1"]
[WhiteElo "2338"]
[BlackElo "2091"]
[TimeControl "180+1"]
[EndTime "16:06:58 PDT"]
[Termination "shirovin won on time"]

1. e4 Nf6 2. e5 Nd5 3. d4 d6 4. Nf3 dxe5 5. Nxe5 c6 6. c4 Nf6 7.
Be3 Bf5 8. Nc3 e6 9. a3 Nbd7 10.
f4 Nxe5 11. fxe5 Ne4 12. Nxe4 Bxe4 13. Qg4 Bf5 14. Qg3 h5 15. Be2 h4 16. Qf2 Be7 17. O-O O-O 18. Rad1 Qc7 19. d5 cxd5 20. cxd5 Bd8 21.
d6 Qc6 22. Bf3 Qb5 23. Rc1 Qxe5 24. Kh1 Qxd6 25. Bc5 Qe5 26. Bxf8 Bc7 27. g3 Rxf8 0-1

[Event "Late-Titled-Tuesday-Blitz-April-23-2024"]
[Site "Chess.com"]
[Date "2024.04.23"]
[Round "11"]
[White "artin10862"]
[Black "KNVB"]
[Result "0-1"]
[WhiteElo "2915"]
[BlackElo "2725"]
[TimeControl "180+1"]
[EndTime "16:07:02 PDT"]
[Termination "KNVB won by resignation"]

1. e4 b6 2. d4 Bb7 3. Nc3 e6 4. h4 Bb4 5. Ne2 Bxe4 6. a3 Bxc3+ 7. Nxc3 Bb7 8. Qg4 Kf8 9. h5 h6 10. Bf4 d6 11. O-O-O Nd7 12. f3 Ngf6 13. Qg3 a6 14. Bd3 b5 15. Qf2 Nd5 16. Nxd5 Bxd5 17. g4 Nb6 18.
Rhg1 Ke8 19. g5 Kd7 20. b3 Kc6 21. Kb2 Kb7 22. gxh6 gxh6 23. Rc1 Qf6 24. Qe3 Bc6 25. Ka2 Nd5 26. Qf2 Qxf4 27. c4 bxc4 28. bxc4 Nb6 29. Rb1 Ka7 30. d5 exd5 31. c5 d4 32. cxb6+ cxb6 33. Rgc1 Bd5+ 34. Ka1 Rhc8 35. Qb2 b5 36. Qb4 Rxc1 37. Qa5 Rxb1+ 38. Kxb1 Bb7 39. Qc7 Qe5 40. Be4 Rb8 41. Kb2 Qc5 42. Qxf7 d5 43. Bg6 Qc3+ 44.
Ka2 d3 45. Qf4 Qc4+ 0-1

[Event "Late-Titled-Tuesday-Blitz-April-23-2024"]
[Site "Chess.com"]
[Date "2024.04.23"]
[Round "11"]
[White "ferrufino64"]
[Black "scandalgod"]
[Result "0-1"]
[WhiteElo "2308"]
[BlackElo "2504"]
[TimeControl "180+1"]
[EndTime "16:07:04 PDT"]
[Termination "scandalgod won by checkmate"]

1. e4 e5 2. d4 exd4 3. Qxd4 Nc6 4. Qe3 Nf6 5. Bd2 Bb4 6. Nc3 O-O 7. O-O-O Re8 8. Bc4 d6 9. f3 Be6 10. Bxe6 Rxe6 11.
Nge2 d5 12. Be1 Rd6 13. Nb5 Rd7 14. Bh4 Be7 15. e5 Ng4 16. fxg4 Bxh4 17. Kb1 Bg5 18. Qg3 d4 19. h4 Be3 20. Na3 Qe7 21. Nc4 Rad8 22.
Rde1 Qc5 23. b3 Nb4 24. Nc1 Bxc1 25. Rxc1 b5 26. a3 Nd5 27. e6 fxe6 28. Ne5 Qxa3 29.
c4 Nc3+ 30. Rxc3 dxc3 31. Nxd7 Qb2# 0-1

[Event "Late-Titled-Tuesday-Blitz-April-23-2024"]
[Site "Chess.com"]
[Date "2024.04.23"]
[Round "11"]
[White "Naruna_Chan"]
[Black "ricaurtelopezj1955"]
[Result "1-0"]
[WhiteElo "2395"]
[BlackElo "2174"]
[TimeControl "180+1"]
[EndTime "16:07:04 PDT"]
[Termination "Naruna_Chan won on time"]

1. e4 e5 2. Nf3 d5 3. Nxe5 Bd6 4. d4 dxe4 5. Nc3 Nf6 6. Bg5 Bf5 7. Nd5 Bxe5 8.
dxe5 Qxd5 9. exf6 Qxd1+ 10. Rxd1 g6 11. Bh6 Nd7 12. Bg7 Rg8 13. Bc4 c6 14. O-O a5 15. f3 b5 16. fxe4 Bg4 17. Rxd7 Bxd7 18. Bd3 O-O-O 19. Bh6 Be6 20. Be3 Rd7 21. Bc5 Kb7 22. a3 Rgd8 23. Be7 Rxd3 24. cxd3 Rxd3 25. e5 Kb6 26. h3 c5 27. Rf2 a4 28. Rc2 Bc4 29.
Kh2 Kc6 30. Rxc4 1-0

[Event "Late-Titled-Tuesday-Blitz-April-23-2024"]
[Site "Chess.com"]
[Date "2024.04.23"]
[Round "11"]
[White "Arteler"]
[Black "maurovargas01"]
[Result "0-1"]
[WhiteElo "2246"]
[BlackElo "1936"]
[TimeControl "180+1"]
[EndTime "16:07:04 PDT"]
[Termination "maurovargas01 won on time"]

1. e4 c5 2. Nf3 d6 3. d4 cxd4 4.
Nxd4 Nc6 5. Nc3 Nf6 6. f3 g6 7. Be3 Bg7 8. Qd2 Bd7 9. O-O-O Rc8 10. g4 h5 11. gxh5 Nxh5 12. Be2 Nf6 13. f4 Na5 14. Ncb5 a6 15. Nc3 Nc4 16. Bxc4 Rxc4 17. f5 Rxc3 18. Qxc3 Nxe4 19. Qd3 Bxf5 20. Nxf5 gxf5 21. Rhf1 e6 22. Bf4 d5 23. Bg3 Qb6 24. Qb3 Bh6+ 25. Kb1 Qxb3 26.
axb3 Nd2+ 27. Rxd2 Bxd2 28. Rf2 Be3 29. Re2 d4 30. c3 f4 31. Bf2 e5 32. Bxe3 dxe3 33. Kc2 f5 34. Kd3 Kf7 35. c4 Kf6 36. b4 e4+ 0-1

[Event "Late-Titled-Tuesday-Blitz-April-23-2024"]
[Site "Chess.com"]
[Date "2024.04.23"]
[Round "11"]
[White "rhungaski"]
[Black "jcibarra"]
[Result "0-1"]
[WhiteElo "2543"]
[BlackElo "2974"]
[TimeControl "180+1"]
[EndTime "16:07:05 PDT"]
[Termination "jcibarra won by resignation"]

1. b3 c5 2. Bb2 d6 3. c4 e5 4. g3 f5 5. Bg2 Nf6 6. Nc3 Be7 7. e3 Nc6 8. Nge2 O-O 9. O-O Qe8 10. d4 Qh5 11. dxc5 dxc5 12. Nd5 Qf7 13. Nxe7+ Qxe7 14. Bxc6 bxc6 15. f4 Ng4 16. Qd2 Rd8 17.
Qc3 e4 18. Rad1 Be6 19. h3 Nf6 20.
Qe5 Rd3 21. Rxd3 exd3 22. Nc3 Rd8 23. Rd1 Qf7 24. Kg2 h5 25. Rd2 h4 26. gxh4 Qg6+ 27.
Kh2 Re8 28. Rg2 Qh6 29. Na4 Bd5 30. Rxg7+ Qxg7 31. Qxe8+ Nxe8 32. Bxg7 d2 33. Nc3 Bf3 34. Be5 a6 35. Bb8 Nf6 36. Ba7 Ne4 0-1

[Event "Late-Titled-Tuesday-Blitz-April-23-2024"]
[Site "Chess.com"]
[Date "2024.04.23"]
[Round "11"]
[White "Rytenko_V"]
[Black "kripri"]
[Result "0-1"]
[WhiteElo "2497"]
[BlackElo "2361"]
[TimeControl "180+1"]
[EndTime "16:07:05 PDT"]
[Termination "kripri won by resignation"]

1. e4 c5 2. Nf3 d6 3. d4 cxd4 4.
Nxd4 Nf6 5. Nc3 a6 6. Be3 e5 7.
Nb3 Be6 8. f3 Be7 9. Qd2 h5 10.
Nd5 Nxd5 11. exd5 Bf5 12. Be2 a5 13. a4 Nd7 14. Bb5 O-O 15. O-O Rc8 16. Qxa5 Bxc2 17.
Qb4 Nf6 18. Na5 Nxd5 19. Nxb7 Nxb4 20. Nxd8 Rfxd8 21. Bb6 Rf8 22. a5 Rb8 23. Rfc1 d5 24. Be2 d4 25. Bc7 Rbc8 26. Bxe5 d3 27. Bf1 d2 28.
Rd1 Bxd1 29. Rxd1 Rfd8 30. Kf2 Rc1 31. Ke2 Nd3 32. Bc3 Rxd1 33. Kxd1 Nf2+ 0-1

[Event "Late-Titled-Tuesday-Blitz-April-23-2024"]
[Site "Chess.com"]
[Date "2024.04.23"]
[Round "11"]
[White "TigrVShlyape"]
[Black "lamomiajunior"]
[Result "1-0"]
[WhiteElo "3017"]
[BlackElo "2764"]
[TimeControl "180+1"]
[EndTime "16:07:08 PDT"]
[Termination "TigrVShlyape won on time"]

1. d4 Nf6 2. Bf4 d5 3. e3 c5 4. c3 Nc6 5. Nd2 Bf5 6. Qb3 Qc8 7. a4 c4 8. Qa2 e6 9. Ngf3 h6 10. Be2 Be7 11. b3 cxb3 12. Qxb3 O-O 13. h3 Na5 14. Qb2 b6 15. O-O Ne4 16. Nxe4 Bxe4 17. Nd2 Bg6 18. Rfc1 Qb7 19. c4 Nxc4 20. Nxc4 dxc4 21. Rxc4 Rac8 22. Bf3 Be4 23. Bxe4 Qxe4 24. Rac1 Rxc4 25. Rxc4 Qd3 26.
Rc7 Ba3 27. Qb5 Qd1+ 28. Kh2 a5 29. Rc6 Qd2 30. Bg3 Bb4 31. Qxb6 Qd1 32. Qb5 h5 33. Rc7 h4 34. Be5 Qe1 35. Rc2 f6 36. Bf4 1-0

[Event "Late-Titled-Tuesday-Blitz-April-23-2024"]
[Site "Chess.com"]
[Date "2024.04.23"]
[Round "11"]
[White "cthake"]
[Black "dasatcu90"]
[Result "0-1"]
[WhiteElo "1884"]
[BlackElo "2205"]
[TimeControl "180+1"]
[EndTime "16:07:08 PDT"]
[Termination "dasatcu90 won on time"]

1. e4 c6 2. d4 d5 3. e5 Bf5 4. h4 h5 5. Be2 e6 6. Nf3 c5 7. c3 Nc6 8. Be3 Qb6 9. Qb3 c4 10. Qxb6 axb6 11. Nbd2 b5 12. O-O b4 13. cxb4 Bxb4 14.
a3 Ba5 15. Nb1 Nge7 16. Nc3 Bxc3 17. bxc3 b5 18. Nd2 Kd7 19. f3 Bg6 20. Kf2 Nf5 21. g3 Nxe3 22. Kxe3 Ra5 23. Ra2 Rha8 24. Rfa1 b4 25.
cxb4 Nxb4 26. Rb2 Rxa3+ 27. Rxa3 Rxa3+ 28. Kf2 Ra4 29. Nf1 c3 0-1

[Event "Late-Titled-Tuesday-Blitz-April-23-2024"]
[Site "Chess.com"]
[Date "2024.04.23"]
[Round "11"]
[White "ozates"]
[Black "GlavkonVVS"]
[Result "1-0"]
[WhiteElo "2583"]
[BlackElo "2657"]
[TimeControl "180+1"]
[EndTime "16:07:17 PDT"]
[Termination "ozates won by resignation"]

1. e4 Nf6 2. e5 Nd5 3. d4 d6 4. Nf3 Bg4 5. Be2 e6 6. exd6 cxd6 7. O-O Be7 8. c4 Nb6 9. b3 O-O 10. Nc3 d5 11. c5 Bxf3 12. Bxf3 Nc8 13. b4 Nc6 14. b5 Na5 15. Re1 Bf6 16. Bf4 Ne7 17. g4 g5 18. Be5 Ng6 19. Bd6 Re8 20. Rc1 Nc4 21. Bg3 Rc8 22. Be2 Na5 23. Qa4 b6 24. c6 Nf4 25. Bf1 Bg7 26. Ne2 Nd3 27. Red1 Nxc1 28. Rxc1 Nc4 29. Nc3 Bxd4 30. Bxc4 dxc4 31.
Qxc4 Bg7 32. Ne4 Qe7 33. Nd6 Qf6 34. Nxe8 Rxe8 35. c7 Rc8 36. Qc6 Bf8 37. Qd7 Qb2 38.
Qxc8 Qxc1+ 39. Kg2 Qc2 40. Qb7 1-0

[Event "Late-Titled-Tuesday-Blitz-April-23-2024"]
[Site "Chess.com"]
[Date "2024.04.23"]
[Round "11"]
[White "dosto07"]
[Black "MarlonJodar"]
[Result "1-0"]
[WhiteElo "2493"]
[BlackElo "2285"]
[TimeControl "180+1"]
[EndTime "16:07:18 PDT"]
[Termination "dosto07 won on time"]

1. e4 e5 2. Nf3 Nc6 3. Bb5 a6 4. Ba4 Nf6 5. O-O Be7 6. Re1 b5 7. Bb3 d6 8. c3 O-O 9. h3 Nb8 10.
d4 Nbd7 11. Nbd2 Bb7 12. Bc2 Re8 13. Nf1 Bf8 14. Ng3 g6 15. b3 Rc8 16. d5 c6 17. c4 Nb6 18. Rb1 cxd5 19. cxd5 Nbxd5 20. exd5 Nxd5 21. Ne4 f5 22. Bg5 Be7 23. Bxe7 Qxe7 24. b4 fxe4 25. Bb3 exf3 26. Bxd5+ Bxd5 27. Qxd5+ Qe6 28. Qxf3 Rc2 29. a3 Rf8 30. Qe3 Rfxf2 31. Qxf2 Rxf2 32. Kxf2 Qa2+ 33. Kg1 Qxa3 34. Kh1 Kf7 35. Rec1 Ke6 36.
Rc6 a5 37. bxa5 Qxa5 38. Rd1 Qb4 39. Rc7 e4 40. Rxh7 e3 41. Rh8 Ke7 42. Rh7+ Kf6 43.
Rf1+ Ke5 44. Rh8 Kd4 45. Rf4+ Kc3 46. Rxb4 Kxb4 47. Re8 d5 48. Rxe3 d4 49. Rg3 Kc4 50. Rxg6 d3 51. Kg1 1-0

[Event "Late-Titled-Tuesday-Blitz-April-23-2024"]
[Site "Chess.com"]
[Date "2024.04.23"]
[Round "11"]
[White "ChessGiantYouTube"]
[Black "th3d4rkness"]
[Result "1-0"]
[WhiteElo "2344"]
[BlackElo "2146"]
[TimeControl "180+1"]
[EndTime "16:07:20 PDT"]
[Termination "ChessGiantYouTube won by resignation"]

1. g3 Nf6 2. Bg2 g6 3. b3 Bg7 4.
Bb2 O-O 5. e3 d6 6. d3 Nc6 7.
Ne2 e5 8. Nd2 Be6 9. h3 d5 10. a3 Qd7 11. b4 a6 12. Nb3 b6 13. Qd2 Rad8 14. a4 e4 15. Nf4 Ne8 16.
Bxg7 Nxg7 17. dxe4 dxe4 18. Qxd7 Bxd7 19. c3 f5 20. Bf1 Bc8 21. h4 Ne5 22. Be2 Nd3+ 23.
Bxd3 exd3 24. Kd2 Ne6 25. Nxd3 Bb7 26. Rhd1 Bf3 27. Re1 c5 28. bxc5 bxc5 29. c4 Rd6 30. Kc3 Rfd8 31. Nbxc5 Nxc5 32. Nxc5 Rc8 33. Nd3 Be4 34.
Red1 Bf3 35. Rd2 Rcd8 36. Raa2 Bc6 37. Nc5 a5 38. Rxd6 Rxd6 39. Rd2 Rxd2 40. Kxd2 Kf7 41.
Kc3 Ke7 42. Kd4 Kd6 43. Nb3 Bxa4 44. Nxa5 Bc2 45. c5+ Ke6 46. Nc4 Be4 47. Nd2 Bc6 48. f3 h6 49. e4 fxe4 50. fxe4 g5 51. hxg5 hxg5 52. Nf3 g4 53. Nh2 Kf6 54. Nxg4+ 1-0

[Event "Late-Titled-Tuesday-Blitz-April-23-2024"]
[Site "Chess.com"]
[Date "2024.04.23"]
[Round "11"]
[White "Mikhail_Bryakin"]
[Black "Polish_fighter3000"]
[Result "0-1"]
[WhiteElo "2821"]
[BlackElo "3086"]
[TimeControl "180+1"]
[EndTime "16:07:23 PDT"]
[Termination "Polish_fighter3000 won on time"]

1. d4 Nf6 2. c4 d6 3. Nf3 g6 4. g3 Bg7 5. Bg2 c6 6. Nc3 O-O 7. O-O Bf5 8. Nh4 Be6 9. b3 d5 10. cxd5 cxd5 11. a4 Nc6 12. Nf3 Ne4 13. Na2 Bg4 14.
Bb2 Rc8 15. h3 Bf5 16. e3 Qd7 17. g4 Be6 18. Nd2 f5 19. Nxe4 fxe4 20. f4 h5 21. gxh5 Bxh3 22. hxg6 Bg4 23. Qd2 Rf6 24. Kf2 a5 25. Rh1 Rxg6 26. Rag1 Kf7 27. Bf1 Rg8 28. Ke1 Bf6 29. Qf2 Qc7 30. Bb5 Qb6 31. Ba3 Nxd4 32. exd4 Bxd4 0-1

[Event "Late-Titled-Tuesday-Blitz-April-23-2024"]
[Site "Chess.com"]
[Date "2024.04.23"]
[Round "11"]
[White "CarlosjPineror"]
[Black "Denmark2015"]
[Result "1-0"]
[WhiteElo "2768"]
[BlackElo "2614"]
[TimeControl "180+1"]
[EndTime "16:07:24 PDT"]
[Termination "CarlosjPineror won by resignation"]

1. e4 e6 2. d3 d5 3. Nd2 Nf6 4. Ngf3 b6 5. Qe2 Be7 6. e5 Nfd7 7. h4 h6 8. h5 Bb7 9. g3 c5 10. Bg2 Nc6 11. c3 Qc7 12. d4 cxd4 13. cxd4 Nb4 14.
O-O Ba6 15. Qd1 Qc2 16. Qxc2 Nxc2 17. Rb1 Bxf1 18. Bxf1 Nb4 19. a3 Nc6 20. b4 f6 21. Bb2 Kf7 22. Rc1 Ndb8 23. Bd3 a6 24. Bg6+ Kf8 25. g4 Bd8 26. Re1 fxe5 27. Nxe5 Bf6 28.
Nf7 Rg8 29. Nf3 Ke7 30. g5 hxg5 31. N3xg5 Nxd4 32. Bxd4 Bxd4 33. Nxe6 Bc3 34. Re2 Kd7 35. Nf4 Re8 36. Rxe8 Kxe8 37. Nxd5 Bd4 38. Nc7+ Kd7 39.
Nxa8 Kc6 40. Be4+ Kd7 41. Ng5 Nc6 42. Bxc6+ Kxc6 43. Ne6 Be5 44. Nac7 Bxc7 45. Nxg7 Kd5 46. Kg2 Be5 47. h6 Kc4 48. Kf3 Kb3 49. Ke4 Bb2 50.
f4 Kxa3 51. f5 Kxb4 52. Nh5 Kc5 53. f6 Kd6 54. h7 1-0

[Event "Late-Titled-Tuesday-Blitz-April-23-2024"]
[Site "Chess.com"]
[Date "2024.04.23"]
[Round "11"]
[White "MaxLeto"]
[Black "JG-17"]
[Result "0-1"]
[WhiteElo "2429"]
[BlackElo "2556"]
[TimeControl "180+1"]
[EndTime "16:07:24 PDT"]
[Termination "JG-17 won by checkmate"]

1. g4 e5 2. Bg2 d5 3. h3 Nc6 4. c3 Be6 5. d4 e4 6. Bf4 Bd6 7. Qd2 h5 8. g5 Nge7 9. Bxd6 Qxd6 10. h4 Ng6 11. e3 O-O-O 12. Ne2 f6 13. gxf6 gxf6 14. c4 dxc4 15. Bxe4 Bd5 16. Nbc3 Bxe4 17.
Nxe4 Qd5 18. N2c3 Qa5 19. O-O-O Nb4 20. Kb1 Nd3 21. Nxf6 Qf5 22. Nfe4 Rhe8 23. f3 Qxf3 24. Rdf1 Qg4 25. Nf6 Qe6 26. Nxe8 Rxe8 27. e4 Rd8 28. d5 Qb6 29. Rf5 Nge5 30. Rxh5 Nf3 31.
Qg2 a5 32. a4 Nd4 33. Rg5 Rf8 34. Rg8 Rxg8 35. Qxg8+ Kd7 36. Qg2 Qb3 37. h5 Nb4 38. h6 Ndc2 39. h7 Na3+ 40. Kc1 Nd3+ 41. Kd2 Qxb2+ 42.
Ke3 Qxg2 43. h8=Q Nc2# 0-1

[Event "Late-Titled-Tuesday-Blitz-April-23-2024"]
[Site "Chess.com"]
[Date "2024.04.23"]
[Round "11"]
[White "Eloist"]
[Black "kai_nov"]
[Result "1-0"]
[WhiteElo "2460"]
[BlackElo "2279"]
[TimeControl "180+1"]
[EndTime "16:07:27 PDT"]
[Termination "Eloist won on time"]

1. e4 c5 2. Nf3 Nc6 3. Bb5 e6 4.
Bxc6 bxc6 5. d3 Ne7 6. Qe2 Ng6 7.
h4 h5 8. e5 Be7 9. Qe4 Rb8 10.
Na3 O-O 11. Nc4 f5 12. exf6 Rxf6 13. Nce5 d5 14. Qe2 Qc7 15. Bg5 Nxe5 16. Nxe5 Rf5 17. f4 Rxb2 18. Qxh5 Qa5+ 19. Kd1 Qc3 20. Rc1 Rxe5 21.
fxe5 Qxe5 22. Re1 Qf5 23. Qe8+ Bf8 24. Be7 Qg4+ 25. Re2 Qf5 26. Qxc8 Kh7 27. Qxf8 Qg4 28. Bf6 1-0

[Event "Late-Titled-Tuesday-Blitz-April-23-2024"]
[Site "Chess.com"]
[Date "2024.04.23"]
[Round "11"]
[White "Russian_berezka"]
[Black "emeli_chess"]
[Result "1-0"]
[WhiteElo "2627"]
[BlackElo "2469"]
[TimeControl "180+1"]
[EndTime "16:07:31 PDT"]
[Termination "Russian_berezka won by resignation"]

1. d4 Nf6 2. c4 e6 3. Nc3 Bb4 4. e3 b6 5. Bd2 O-O 6. Nf3 Bb7 7. Bd3 Bxc3 8. Bxc3 Be4 9. Be2 d5 10. O-O Nc6 11. Nd2 Bg6 12. Rc1 Ne7 13. Nf3 Bh5 14. b4 Ne4 15. Bb2 c6 16. Ne5 Bxe2 17. Qxe2 f6 18.
Nd3 dxc4 19. Rxc4 b5 20. Rc2 Nd6 21. Nc5 Qc8 22. e4 Nc4 23. Rxc4 bxc4 24. Qxc4 Kh8 25.
Nxe6 Re8 26. f4 a5 27. f5 axb4 28. Qb3 Qa6 29. Nc7 Qxa2 30. Qxa2 Rxa2 31. Nxe8 Rxb2 32. Ra1 h5 33. Nd6 Rd2 34. e5 b3 35. Ra8+ Kh7 36.
exf6 gxf6 37. Ra7 b2 38. Rxe7+ Kh6 39. Nf7+ Kg7 40. Ne5+ Kf8 41. Ng6+ Kg8 42. Re8+ Kg7 43. Re7+ Kh6 44. Rb7 Rd1+ 45. Kf2 b1=Q 46. Rxb1 Rxb1 47. Ke3 Rg1 48. Nf4 Kg5 49. Nh3+ Kxf5 50. Nxg1 Ke6 51. Nf3 Kd5 52. Kd3 c5 53. dxc5 Kxc5 54. Ke4 Kd6 55. Kf5 Ke7 56. Nd4 Kf7 57. Ne6 h4 58. Nf4 h3 59. Nxh3 Kg7 60. Nf2 1-0

[Event "Late-Titled-Tuesday-Blitz-April-23-2024"]
[Site "Chess.com"]
[Date "2024.04.23"]
[Round "11"]
[White "prochn"]
[Black "Alexei_Gubajdullin"]
[Result "0-1"]
[WhiteElo "2462"]
[BlackElo "2597"]
[TimeControl "180+1"]
[EndTime "16:07:31 PDT"]
[Termination "Alexei_Gubajdullin won on time"]

1. d4 Nf6 2. c4 g6 3. g3 Bg7 4. Bg2 O-O 5. Nc3 d6 6. Nf3 Nbd7 7. O-O e5 8. e4 c6 9. h3 a5 10. Rb1 a4 11. Re1 Qa5 12. Bf1 exd4 13. Nxd4 Re8 14.
Nc2 Nc5 15. Bg2 Be6 16. Ne3 Nfd7 17. Bd2 Qa6 18. Bf1 Ne5 19. b3 axb3 20. axb3 Ncd3 21. Re2 Nf3+ 22. Kg2 Nxd2 23. Qxd2 Nc5 24. Nc2 Nxb3 25. Rxb3 Bxc4 26. Ra3 Qb6 27. Rxa8 Rxa8 28. Re1 Bxf1+ 29. Rxf1 Qb3 30. Nd4 Qc4 31. Nce2 d5 32. Rc1 Qa4 33. exd5 cxd5 34. Rc7 b5 35. Qf4 Rf8 36. Rb7 b4 0-1

[Event "Late-Titled-Tuesday-Blitz-April-23-2024"]
[Site "Chess.com"]
[Date "2024.04.23"]
[Round "11"]
[White "Gravity_Chess"]
[Black "MagnusCarlsen"]
[Result "0-1"]
[WhiteElo "2896"]
[BlackElo "3231"]
[TimeControl "180+1"]
[EndTime "16:07:32 PDT"]
[Termination "MagnusCarlsen won on time"]

1. Nf3 Na6 2. d4 Nf6 3. c4 g6 4. Nc3 Bg7 5. g3 O-O 6. Bg2 d6 7. O-O c6 8. h3 Nc7 9. Qc2 b5 10.
b3 b4 11. Ne4 Nxe4 12. Qxe4 c5 13. Be3 d5 14. cxd5 Nxd5 15. Ne5 Be6 16. Rac1 Nc3 17. Qxa8 Qxa8 18. Bxa8 Rxa8 19. Rfe1 a5 20. Nc6 Kf8 21. Rxc3 bxc3 22. dxc5 a4 23. Nd4 Bxd4 24. Bxd4 c2 25. Rc1 axb3 26. axb3 Bxb3 27. f3 Rd8 28. Be3 Rd1+ 29. Kf2 Ke8 30. h4 Kd7 31. g4 h5 32.
gxh5 gxh5 33. Kg2 f5 34. f4 Kc6 35. Kf2 Kb5 36. Kg2 Bd5+ 37. Kf2 Be4 38. Kg3 Kc4 39. c6 Rd6 40. c7 Rc6 41. Ra1 Rxc7 42. Kf2 Kb3 43.
Bc1 Rd7 44. Ra3+ Kb4 45. Ra1 Rd1 46. Ke3 e6 47. Bd2+ Kb3 48. Bc1 Rh1 49. Ra3+ Kb4 50.
Ra1 Rxh4 51. Kd4 Kb5 52. Ke5 Rh1 0-1

[Event "Late-Titled-Tuesday-Blitz-April-23-2024"]
[Site "Chess.com"]
[Date "2024.04.23"]
[Round "11"]
[White "mortngabriel"]
[Black "karinachess1"]
[Result "0-1"]
[WhiteElo "2460"]
[BlackElo "2591"]
[TimeControl "180+1"]
[EndTime "16:07:37 PDT"]
[Termination "karinachess1 won on time"]

1. e4 e5 2. Nc3 Nf6 3. Bc4 Be7 4.
d3 O-O 5. f4 exf4 6. Bxf4 c6 7.
Nf3 d5 8. exd5 cxd5 9. Bb3 d4 10. Ne2 Bb4+ 11. Bd2 Bc5 12. O-O Nc6 13. Bg5 Be7 14. a3 Ng4 15. Bd2 Bd6 16. h3 Ne3 17. Bxe3 dxe3 18. d4 Qe7 19. c3 Bd7 20. Qd3 Rae8 21. Rae1 g6 22. c4 b6 23. Bc2 Bf5 24. Qc3 Bxc2 25.
Qxc2 Rc8 26. b4 Bb8 27. Qd3 Rfe8 28. Nc3 Bg3 29. Nd5 Bf2+ 30. Kh1 Qd6 31. Re2 b5 32. Nxe3 Bxe3 33. Rxe3 Rxe3 34. Qxe3 bxc4 35. Ng5 Rf8 36. Ne4 Qxd4 37. Qxd4 Nxd4 38. Rc1 Rc8 39. Nd6 Rc6 40. Nxc4 Kg7 0-1

[Event "Late-Titled-Tuesday-Blitz-April-23-2024"]
[Site "Chess.com"]
[Date "2024.04.23"]
[Round "11"]
[White "Mops_2004"]
[Black "Bugcrusher"]
[Result "1-0"]
[WhiteElo "2862"]
[BlackElo "2560"]
[TimeControl "180+1"]
[EndTime "16:07:38 PDT"]
[Termination "Mops_2004 won by resignation"]

1. g3 e5 2. c4 c6 3. Nf3 e4 4.
Nd4 d5 5. cxd5 Qxd5 6. Nc2 Nf6 7. Nc3 Qh5 8. d3 exd3 9. Qxd3 Be7 10. Qe3 Nd5 11.
Nxd5 Qxd5 12. Rg1 Be6 13. Bg2 Qh5 14. Nd4 Bb4+ 15. Bd2 Bxd2+ 16. Kxd2 Qa5+ 17. Kc2 Qc5+ 18. Qc3 Qxc3+ 19. Kxc3 Bd7 20. b4 a5 21. a3 Ke7 22.
Rgb1 axb4+ 23. axb4 Na6 24. b5 Nc5 25. bxc6 bxc6 26. Bxc6 Rxa1 27. Rxa1 Rc8 28. Bxd7 Nxd7+ 29. Kd2 g6 30. f3 Ne5 31. Ra7+ Kf6 32. Ke3 Nc4+ 33.
Kf2 Ne5 34. Ra6+ Ke7 35. g4 Rc4 36. Nb3 h6 37. Ra2 Rc3 38. Nd2 Rc7 39. Ne4 Rb7 40.
Rd2 Rc7 41. Rd5 Nd7 42. h4 Nf6 43. Re5+ 1-0